 Dungeon Crawl Stone Soup version 0.25.1-2-g60ff931df9 (webtiles) character file.

Game seed: 4254360728490478841

728 raphaelitos the Ducker (level 7, -12/58 HPs)
             Began as a Ghoul Gladiator on Nov 18, 2020.
             Was an Initiate of Wu Jian.
             Mangled by an earth elemental (25 damage)
             ... summoned by a deep elf mage
             ... on level 7 of the Dungeon on Nov 19, 2020.
             The game lasted 00:10:16 (4869 turns).

raphaelitos the Ducker (Ghoul Gladiator)            Turns: 4869, Time: 00:10:17

Health: -12/58     AC:  4    Str: 20    XL:     7   Next: 72%
Magic:  6/6        EV: 10    Int:  3    God:    Wu Jian [......]
Gold:   273        SH:  8    Dex: 10    Spells: 6/6 levels left

rFire    x . .     SeeInvis .   n - +3 whip (drain)
rCold    + + .     Gourm    .   j - +0 kite shield
rNeg     + + +     Faith    .   b - +0 leather armour
rPois    ∞         Spirit   .   c - +0 helmet
rElec    .         Reflect  .   (no cloak)
rCorr    .         Harm     .   (no gloves)
MR       .....                  (no boots)
Stlth    +.........             (no amulet)
HPRegen  0.00/turn              l - ring of ice
MPRegen  0.10/turn              (no ring)

@: rotting
A: rotting body, claws 1, carnivore, cold resistance 1, negative energy
resistance 3, inhibited regeneration, torment resistance, unbreathing
a: Renounce Religion


You were on level 7 of the Dungeon.
You worshipped Wu Jian.
Wu Jian was noncommittal.
You were not hungry.

You visited 1 branch of the dungeon, and saw 6 of its levels.

You collected 273 gold pieces.

Inventory:

Hand Weapons
 a - a +1 long sword
 n - a +3 whip of draining (weapon)
Missiles
 d - 3 throwing nets (quivered)
 h - 17 bolts
 o - 46 arrows
 q - 5 boomerangs
 r - 2 poisoned darts
Armour
 b - a +0 leather armour (worn)
 c - a +0 helmet (worn)
 j - a +0 kite shield (worn)
 s - a +0 pair of boots
Jewellery
 l - a ring of ice (left claw)
 t - the ring of Lanicrap {rElec rPois rC- Str+7, unknown}
   (You found it on level 6 of the Dungeon)

   [ring of poison resistance]

   It affects your strength (+7).
   It makes you vulnerable to cold.
   It insulates you from electricity.
   It protects you from poison.
Wands
 u - a wand of disintegration (14)
Scrolls
 g - a scroll of blinking
 i - 2 scrolls of identify
 p - a scroll of amnesia {unknown}
 v - a scroll of magic mapping
 w - a scroll of immolation {unknown}
 x - a scroll of remove curse {unknown}
Potions
 e - 5 potions of curing
 k - a potion of haste
 m - 2 potions of flight
Comestibles
 f - 12 rations


   Skills:
 + Level 3.7 Fighting
 + Level 3.4 Long Blades
 + Level 3.6 Maces & Flails
 + Level 1.7 Throwing
 + Level 2.8 Armour
 + Level 4.4 Dodging
 + Level 1.7 Stealth
 + Level 1.7 Shields


You had 6 spell levels left.
You didn't know any spells.
Your spell library was empty.

Dungeon Overview and Level Annotations

Branches:
Dungeon (7/15)
 Temple: D:4-7

Altars:
Dithmenos
Makhleb
Nemelex Xobeh
Trog
Vehumet
Wu Jian

Shops:
D:6 :?


Innate Abilities, Weirdness & Mutations

Your body is rotting away.
You thrive on raw meat.
You are immune to poison.
You have sharp fingernails.
You are carnivorous and can eat meat at any time.
Your flesh is cold resistant. (rC+)
You are immune to negative energy. (rN+++)
You do not regenerate when monsters are visible.
You are immune to unholy pain and torment.
You can survive without breathing.


Message History

The earth elemental barely misses you.
Your shield prevents you from hitting the deep elf mage.
The deep elf mage is moderately wounded.
The deep elf mage hits you with a +0 rapier.
You block the earth elemental's attack.
You miss the deep elf mage.
The deep elf mage is moderately wounded.
You block the deep elf mage's attack.
You hit the deep elf mage.
The deep elf mage is heavily wounded.
The deep elf mage completely misses you.
The earth elemental hits you!!
* * * LOW HITPOINT WARNING * * *
You closely miss the deep elf mage.
The deep elf mage is heavily wounded.
The deep elf mage misses you.
Eat a chunk of flesh? (ye/n/q)
You eat the chunk of flesh.
This raw flesh tastes great!
The deep elf mage closely misses you. The earth elemental hits you!!
You die...

#.##.## #.#.#.##
#..###.##
##.#####.######.#
#.####..........#
##.##⌠.⌠.########
#...._..##########
#.#.⌠.e#.).......#
#.##...@E........####
#.######.............
#.######.........####
#.##..........#......
#E##.###.........####
#e##.# #>.......<#
#.##.###.........##
#.#.........÷.....#
#.#..###.##....##.#


You could see an earth elemental (summoned) and a deep elf mage (drained).

Vanquished Creatures
  Menkaure (D:4)
  A sky beast (D:6)
  An ogre (D:6)
  A crimson imp (D:3)
  2 orc priests (D:7)
  4 orc wizards (D:7)
  Natasha (D:3)
  An iguana (D:7)
  7 adders
  An adder skeleton (D:6)
  A dart slug (D:2)
  4 leopard geckos
  7 orcs
  5 giant cockroaches
  10 goblins
  6 hobgoblins
  2 jackals (D:1)
  9 kobolds
  A quokka (D:2)
  9 bats
  6 frilled lizards
  4 rats
84 creatures vanquished.

Vanquished Creatures (others)
  An orc wizard (D:7)
1 creature vanquished.

Grand Total: 85 creatures vanquished

Notes
Turn   | Place    | Note
-------+----------+-------------------------------------------
     0 | D:1      | raphaelitos the Ghoul Gladiator began the quest for the
                  | Orb.
     0 | D:1      | Reached XP level 1. HP: 17/17 MP: 0/0
   408 | D:1      | Reached skill level 3 in Dodging
   408 | D:1      | Reached XP level 2. HP: 22/24 MP: 1/1
  1002 | D:1      | Reached XP level 3. HP: 27/30 MP: 2/2
  1242 | D:2      | Reached skill level 1 in Armour
  1353 | D:2      | Found a bloodstained altar of Trog.
  1416 | D:2      | Reached XP level 4. HP: 34/37 MP: 3/3
  2426 | D:3      | Reached skill level 1 in Maces & Flails
  2737 | D:3      | Found a radiant altar of Vehumet.
  2737 | D:3      | Found a burning altar of Makhleb.
  2760 | D:3      | Reached XP level 5. HP: 32/42 MP: 4/4
  2892 | D:3      | Noticed Natasha
  2898 | D:3      | Killed Natasha
  3129 | D:4      | Noticed Menkaure
  3144 | D:4      | Killed Menkaure
  3144 | D:4      | Reached skill level 4 in Dodging
  3144 | D:4      | Reached XP level 6. HP: 5/51 MP: 5/5
  3414 | D:4      | Found a shadowy altar of Dithmenos.
  3421 | D:4      | You fall into a shaft and drop 3 floors!
  3490 | D:7      | Reached skill level 1 in Stealth
  3490 | D:7      | Reached skill level 1 in Shields
  3677 | D:7      | Reached XP level 7. HP: 22/57 MP: 6/6
  3934 | D:6      | Found Yfeph's Book Emporium.
  4191 | D:6      | Got a pitted granite ring
  4213 | D:6      | Found an ornate altar of the Wu Jian Council.
  4225 | D:6      | Became a worshipper of the Wu Jian Council
  4295 | D:6      | Found Imoclemump's Magic Scroll Emporium.
  4794 | D:7      | Found a sparkling altar of Nemelex Xobeh.
  4825 | D:7      | Noticed a deep elf mage
  4869 | D:7      | Mangled by an earth elemental

Illustrated notes

Levels and vault maps discovered:
D:1:      dpeg_arrival_snail, layout_basic, minmay_hexomino_u4
D:2:      layout_loops_ring, nicolae_overflow_hidden_temple
D:3:      layout_basic, grunt_temple_overflow_lords_of_destruction, uniq_natasha
D:4:      layout_rooms, grunt_temple_overflow_octagram, temple_hall,
          kennysheep_nub, grunt_dithmenos_smoke, uniq_menkaure
D:6:      layout_gridville, basic_altar, serial_shops, kennysheep_little_box,
          shop
D:7:      layout_loops_ring, serial_shops, shop, amethyst_killhole,
          nemelex_xobeh_ov_fountains_minmay, uniq_maggie

Skill      XL: |  1  2  3  4  5  6  7 |
---------------+----------------------+-----
Dodging        | 3 4 |  4.4
Long Blades    | 3 |  3.4
Armour         | 1 2 |  2.8
Maces & Flails | 1 2 3 |  3.6
Fighting       | 3 |  3.7
Stealth        | 1 |  1.7
Shields        | 1 |  1.7
Throwing       | |  1.7

Action                   |  1- 3 |  4- 6 |  7- 9 || total
-------------------------+-------+-------+-------++-------
Melee: Long sword        |    76 |    13 |       ||    89
       Whip              |       |   133 |    66 ||   199
Invok: Lunge             |       |       |     3 ||     3
  Use: Scroll            |     4 |     4 |       ||     8
 Stab: Sleeping          |       |     1 |       ||     1
  Eat: Chunk             |     7 |     4 |     7 ||    18
       Ration            |       |     1 |       ||     1
Armor: Leather armour    |    34 |    34 |    12 ||    80
Dodge: Dodged            |    74 |    57 |    14 ||   145
Block: Kite shield       |     3 |    41 |    16 ||    60
       Rpst.: Long sword |    27 |       |       ||    27
